 Dungeon Crawl Stone Soup version 0.24.1 (webtiles) character file.

Game seed: 5386321469835165838, levelgen mode: deterministic

21934 Peloso the Fencer (level 12, -9/163 (165) HPs)
             Began as a Minotaur Fighter on Apr 7, 2020.
             Was a High Priest of Okawaru.
             Mangled by a small abomination (12 damage)
             ... in a Gauntlet.
             The game lasted 00:27:12 (10253 turns).

Peloso the Fencer (Minotaur Fighter)               Turns: 10253, Time: 00:27:13

HP:   -9/163 (165)  AC: 19    Str: 29    XL:     12   Next: 58%
MP:   0/12          EV:  9    Int:  0    God:    Okawaru [*****.]
Gold: 889           SH: 15    Dex: 12    Spells: 11/11 levels left

rFire    . . .     SeeInvis .   a - +3 double sword (freeze)
rCold    . . .     Gourm    .   c - +1 shield
rNeg     . . .     Faith    .   y - +0 plate armour
rPois    .         Spirit   +   r - +2 hat of Yredelemnul's Regard {+Blink rElec Int-5 Stlth+}
rElec    +         Reflect  .   o - scarf {Spirit}
rCorr    .         Harm     .   q - +0 pair of gloves
MR       +....     NoTele   +   n - +0 pair of boots
Stlth    ..........             z - amulet of magic regeneration
HPRegen  0.37/turn              G - ring of flight
MPRegen  0.38/turn              H - ring of protection from magic

@: berserking (expiring), slowed, lost intelligence
A: retaliatory headbutt, horns 2
a: Heroism, Finesse, Renounce Religion, Evoke Blink, Evoke Flight


You were in a Gauntlet.
You worshipped Okawaru.
Okawaru was extremely pleased with you.
You were not hungry.

You visited 4 branches of the dungeon, and saw 16 of its levels.
You also visited: Gauntlet.

You collected 889 gold pieces.

Inventory:

Hand Weapons
 a - a +3 double sword of freezing (weapon)
 b - a +0 scimitar of flaming
Armour
 c - a +1 shield (worn)
 n - a +0 pair of boots (worn)
 o - a scarf of spirit shield (worn)
 q - a +0 pair of gloves (worn)
 r - the +2 hat of Yredelemnul's Regard (worn) {+Blink rElec Int-5 Stlth+}
   (You found it in a Gauntlet)

   It affects your intelligence (-5).
   It insulates you from electricity.
   It lets you blink.
   It makes you more stealthy.
 y - a +0 plate armour (worn)
Jewellery
 e - an uncursed ring of see invisible
 i - an uncursed amulet of guardian spirit
 l - a +3 ring of intelligence
 z - an amulet of magic regeneration (around neck)
 G - a ring of flight (left hand)
 H - a ring of protection from magic (right hand)
Wands
 g - a wand of acid (6)
 k - a wand of random effects (11)
 m - a wand of polymorph (11)
 C - a wand of disintegration (11)
 K - a wand of enslavement (9)
Scrolls
 h - 8 scrolls of teleportation
 j - 2 scrolls of enchant weapon
 s - 2 scrolls of amnesia {unknown}
 x - 3 scrolls of immolation {unknown}
 B - a scroll of remove curse
 I - a scroll of identify
 J - a scroll of enchant armour
Potions
 d - 2 potions of brilliance
 p - 3 potions of curing
 u - 4 potions of resistance
 v - 2 potions of mutation
 w - a potion of haste
 A - a potion of invisibility
 D - a potion of heal wounds {unknown}
 F - a potion of might
 L - a potion of cancellation
Miscellaneous
 E - a crystal ball of energy
Comestibles
 f - 19 rations


   Skills:
 + Level 11.0 Fighting
 + Level 15.1 Long Blades
 + Level 9.8 Armour
 + Level 3.4 Dodging
 + Level 2.0 Stealth
 + Level 13.3 Shields
 + Level 2.2 Invocations


You had 11 spell levels left.
You didn't know any spells.
Your spell library contained the following spells:

 Spells                   Type           Power        Failure   Level  Hunger
 Animate Skeleton         Necr           N/A          100%        1    ##.....
 Freeze                   Ice            #...         100%        1    ##.....
 Magic Dart               Conj           #...         100%        1    ##.....
 Pain                     Necr           #...         100%        1    ##.....
 Sandblast                Erth           #.....       100%        1    ##.....
 Passwall                 Tmut/Erth      #.......     100%        2    ###....
 Searing Ray              Conj           #.....       100%        2    ###....
 Throw Frost              Conj/Ice       #.....       100%        2    ###....
 Dazzling Spray           Conj/Hex       #.....       100%        3    ####...
 Ozocubu's Armour         Chrm/Ice       #.......     100%        3    ####...
 Regeneration             Chrm/Necr      #.........   100%        3    ####...
 Stone Arrow              Conj/Erth      #.....       100%        3    ####...
 Vampiric Draining        Necr           #.........   100%        3    ####...
 Animate Dead             Necr           N/A          100%        4    #####..
 Force Lance              Conj/Tloc      #.......     100%        4    #####..
 Fulminant Prism          Conj/Hex       #.........   100%        4    #####..
 Iskenderun's Mystic Bla  Conj           #.......     100%        4    #####..
 Petrify                  Tmut/Erth      #.......     100%        4    #####..
 Summon Ice Beast         Ice/Summ       #.......     100%        4    #####..
 Throw Icicle             Conj/Ice       #.......     100%        4    #####..
 Lee's Rapid Deconstruct  Erth           #.........   100%        5    ######.


Dungeon Overview and Level Annotations

Branches:
Dungeon (11/15)            Temple (1/1) D:5            Lair (2/6) D:11
  Snake (0/4) Lair:2          Orc (2/2) D:10        Gauntlet (1/1)
  Swamp: Lair:2-4    Shoals: Lair:2-4       Elf: Orc:2

Altars:
Ashenzari
Cheibriados
Dithmenos
Elyvilon
Fedhas
Gozag
Hepliaklqana
Kikubaaqudgha
Makhleb
Nemelex Xobeh
Okawaru
Qazlal
Trog
Uskayaw
Vehumet
Wu Jian
Xom
Yredelemnul
Zin
The Shining One
Jiyva

Shops:
D:4 }[*%[   D:5 =   D:11 *

Annotations:
Gauntlet 13 transporters


Innate Abilities, Weirdness & Mutations

You reflexively headbutt those who attack you in melee.
You have a pair of horns on your head.


Message History

Unknown command.
You barely miss the large abomination.
The large abomination is almost destroyed.
You block the small abomination's attack.
You block the large abomination's attack.
The small abomination hits you.
* * * LOW HITPOINT WARNING * * *
Unknown command.
You slash the large abomination! You freeze the large abomination.
You destroy the large abomination!
Okawaru accepts your kill.
Your Fighting skill increases to level 11!
You block the small abomination's attack.
Unknown command.
You are too berserk!
Unknown command.
You barely miss the small abomination.
You block the small abomination's attack.
The small abomination hits you!
You die...

#################################
...................≈∩≈...........
.................................
########.###########.###########.
#?©...t#.#..!!©=..X#.#§§≈)©[2≈.#.
.#.....#.#.###...#.#.#§§...≈.≈.#.
.#....##.#.#...#x#.#.#§§≈...≈.§#.
..#.##.#.#...###xxx#.#2§.§§≈.§§#.
.###...#.#.#.#©x@#.#.#≈§.§§§§§§#.
#.#©...#.#.#...###.#.#≈.≈...≈.§#.
...#...#.#...###...#.#©≈.§≈.§≈.#.
...#...#.#.###...#.#.#.≈..§..≈.#.
....#..#.#.........#.#..≈≈...≈.#.
#################################
..©...........©#≈§§≈8≈≈≈≈#©......
##.##############################
.#.#≈≈8§≈#©.........©.........©#≈


You could see a green death and 5 small abominations.

Vanquished Creatures
  Gastronok (D:9)
  Snorg (D:11)
  A death ooze (Gauntlet)
  Fannar (D:10)
  Harold (D:7)
  Erica (D:11)
  5 two-headed ogres
  A catoblepas (Gauntlet)
  3 large abominations (Gauntlet)
  Nergalle (D:10)
  Pikel (D:7)
  An orc knight (Orc:1)
  An orc sorcerer (Orc:2)
  Joseph (D:7)
  A centaur skeleton (D:11)
  A gargoyle (Gauntlet)
  2 trolls
  2 hippogriffs
  Sigmund (D:5)
  4 yaks (D:11)
  A spriggan (D:7)
  A wraith (D:8)
  Grum (D:8)
  2 basilisks (D:11)
  A hungry ghost (D:10)
  Menkaure (D:4)
  Edmund (D:5)
  2 water moccasins
  Duvessa (D:4)
  5 orc warriors
  2 ice beasts
  3 porcupines
  2 slaves (D:7)
  2 black bears
  A necrophage (D:11)
  4 sky beasts
  5 ogres
  A phantom (D:7)
  A centaur (D:9)
  2 wolves (D:8)
  2 crocodiles (D:11)
  A wyvern zombie (D:10)
  A big kobold (D:11)
  4 bullfrogs
  Dowan (D:4)
  2 scorpions
  16 killer bees
  8 wights
  2 centaur zombies
  3 crimson imps
  A quasit (D:10)
  9 hounds
  3 orc priests
  2 bullfrog skeletons
  3 iguanas
  9 orc wizards
  Natasha (thrice) (D:4 D:3)
  7 worker ants
  A killer bee zombie (D:5)
  A hound zombie (D:7)
  A hound skeleton (D:6)
  A gnoll (D:1)
  A worker ant zombie (D:10)
  18 adders
  7 shadow imps
  An ooze (D:2)
  An adder skeleton (D:5)
  3 worms
  2 dart slugs
  4 leopard geckos
  32 orcs
  2 ball pythons (D:2)
  2 giant cockroaches (D:2)
  6 goblins
  5 hobgoblins
  12 kobolds
  3 quokkas
  11 bats
  5 frilled lizards
  A leopard gecko skeleton (D:5)
  A leopard gecko zombie (D:5)
  A quokka zombie (D:5)
  9 rats
278 creatures vanquished.

Vanquished Creatures (others)
  An orc wizard (D:4)
  A bush (D:11)
  8 fungi
  18 plants
28 creatures vanquished.

Grand Total: 306 creatures vanquished

Notes
Turn   | Place    | Note
-------+----------+-------------------------------------------
     0 | D:1      | Peloso the Minotaur Fighter began the quest for the Orb.
     0 | D:1      | Reached XP level 1. HP: 19/19 MP: 0/0
    66 | D:1      | You fall into a shaft and drop 1 floor!
    69 | D:2      | Reached XP level 2. HP: 27/27 MP: 1/1
   100 | D:2      | Reached XP level 3. HP: 25/34 MP: 2/2
   558 | D:2      | Reached skill level 3 in Long Blades
   601 | D:2      | Reached XP level 4. HP: 19/41 MP: 1/3
  1403 | D:3      | Reached skill level 4 in Long Blades
  1403 | D:3      | Reached XP level 5. HP: 42/47 MP: 4/4
  1921 | D:4      | Noticed an ogre
  1930 | D:4      | Killed an ogre
  1930 | D:4      | Reached skill level 5 in Fighting
  1930 | D:4      | Reached skill level 5 in Long Blades
  1930 | D:4      | Reached skill level 1 in Dodging
  1930 | D:4      | Reached XP level 6. HP: 56/56 MP: 5/5
  1949 | D:4      | Noticed Duvessa
  1949 | D:4      | Noticed Menkaure
  1950 | D:4      | Noticed Dowan
  1956 | D:4      | Killed Menkaure
  1956 | D:4      | Reached skill level 5 in Shields
  1961 | D:4      | Killed Dowan
  1961 | D:4      | Reached skill level 5 in Armour
  1965 | D:4      | Reached skill level 6 in Long Blades
  1965 | D:4      | Reached XP level 7. HP: 52/61 MP: 4/6
  1968 | D:4      | Killed Duvessa
  1979 | D:4      | Found Gaevopy's Food Shoppe.
  1998 | D:4      | Noticed Natasha
  2006 | D:4      | Killed Natasha
  2020 | D:4      | Noticed Natasha
  2031 | D:3      | Killed Natasha
  2040 | D:3      | Noticed Natasha
  2046 | D:3      | Killed Natasha
  2246 | D:4      | Found Biugrur's Armour Emporium.
  2405 | D:4      | Reached skill level 7 in Long Blades
  2442 | D:4      | Found a glowing silver altar of Zin.
  2582 | D:4      | Found Teyclil's Antique Armour Shop.
  2640 | D:4      | Found Aleocvas's General Store.
  2658 | D:4      | Reached XP level 8. HP: 70/70 MP: 7/7
  2731 | D:4      | Found Ubu Pohi's Gadget Shop.
  2847 | D:5      | Entered Level 5 of the Dungeon
  2913 | D:5      | Found a staircase to the Ecumenical Temple.
  2918 | Temple   | Entered the Ecumenical Temple
  3018 | Temple   | Became a worshipper of Warmaster Okawaru
  3050 | D:5      | Noticed Edmund
  3086 | D:5      | Killed Edmund
  3301 | D:5      | Reached skill level 8 in Long Blades
  3402 | D:5      | Found an ornate altar of the Wu Jian Council.
  3461 | D:5      | Reached * piety under Okawaru
  3462 | D:5      | Noticed Sigmund
  3472 | D:5      | Killed Sigmund
  3711 | D:5      | Found Erim's Jewellery Boutique.
  3936 | D:6      | Found a hide-covered altar of Uskayaw.
  4026 | D:6      | Found a sparkling altar of Nemelex Xobeh.
  4141 | D:6      | Reached skill level 9 in Long Blades
  4141 | D:6      | Reached skill level 1 in Stealth
  4487 | D:7      | Reached XP level 9. HP: 79/79 MP: 8/8
  4533 | D:7      | Reached ** piety under Okawaru
  4581 | D:7      | Found an opulent altar of Gozag.
  4658 | D:7      | Noticed Joseph
  4683 | D:7      | Killed Joseph
  4683 | D:7      | Reached skill level 10 in Long Blades
  4838 | D:7      | Noticed Pikel
  4857 | D:7      | Killed Pikel
  4889 | D:7      | Found a shadowy altar of Dithmenos.
  5005 | D:7      | Noticed Harold
  5016 | D:7      | Killed Harold
  5016 | D:7      | Reached *** piety under Okawaru
  5016 | D:7      | Reached skill level 11 in Long Blades
  5016 | D:7      | Reached XP level 10. HP: 89/89 MP: 6/9
  5168 | D:8      | Noticed Grum
  5185 | D:8      | Killed Grum
  5255 | D:8      | Found an ancient bone altar of Kikubaaqudgha.
  5256 | D:8      | Found a burning altar of Makhleb.
  5256 | D:8      | Found a radiant altar of Vehumet.
  5274 | D:8      | Reached **** piety under Okawaru
  5275 | D:8      | Found a stormy altar of Qazlal.
  5428 | D:8      | Found a blossoming altar of Fedhas.
  5829 | D:9      | Noticed Gastronok
  5856 | D:9      | Killed Gastronok
  5856 | D:9      | Reached ***** piety under Okawaru
  5856 | D:9      | Reached skill level 12 in Long Blades
  5856 | D:9      | Reached skill level 10 in Shields
  6032 | D:9      | Found a glowing golden altar of the Shining One.
  6295 | D:9      | Found a snail-covered altar of Cheibriados.
  6420 | D:10     | Entered Level 10 of the Dungeon
  6495 | D:10     | Found a staircase to the Orcish Mines.
  6529 | D:10     | Noticed Nergalle
  6548 | D:10     | Killed Nergalle
  6548 | D:10     | Reached XP level 11. HP: 90/97 MP: 10/10
  6608 | D:10     | Reached skill level 1 in Invocations
  6636 | D:10     | Reached skill level 13 in Long Blades
  6723 | D:10     | Noticed a two-headed ogre
  6730 | D:10     | Killed a two-headed ogre
  7232 | D:11     | Received a gift from Okawaru
  7239 | D:11     | Noticed a two-headed ogre
  7252 | D:11     | Killed a two-headed ogre
  7298 | D:11     | Noticed Erica
  7307 | D:11     | Killed Erica
  7420 | D:11     | Found a staircase to the Lair.
  7599 | D:11     | Reached skill level 14 in Long Blades
  7659 | D:11     | Received a gift from Okawaru
  7663 | D:11     | Noticed Snorg
  7675 | D:11     | Killed Snorg
  7675 | D:11     | Reached skill level 10 in Fighting
  8014 | D:11     | Found Elofrei's Mass Market.
  8294 | Orc:1    | Entered Level 1 of the Orcish Mines
  8294 | Orc:1    | Noticed Fannar
  8294 | Orc:1    | Noticed an orc knight
  8352 | D:10     | Killed Fannar
  8353 | D:10     | Reached XP level 12. HP: 86/106 MP: 10/12
  8979 | Orc:2    | Entered Level 2 of the Orcish Mines
  9025 | Orc:2    | Noticed a two-headed ogre
  9025 | Orc:2    | Noticed a two-headed ogre
  9026 | Orc:2    | Noticed a two-headed ogre
  9026 | Orc:2    | Noticed a two-headed ogre
  9027 | Orc:2    | Noticed a two-headed ogre
  9028 | Orc:2    | Noticed a two-headed ogre
  9046 | Orc:2    | Killed a two-headed ogre
  9059 | Orc:1    | Killed a two-headed ogre
  9059 | Orc:1    | Received a gift from Okawaru
  9060 | Orc:1    | Killed a two-headed ogre
  9481 | Lair:1   | Entered Level 1 of the Lair of Beasts
  9512 | Lair:1   | You fall into a shaft and drop 1 floor!
  9541 | Lair:1   | Found a gate leading to a gauntlet.
  9548 | Gauntlet | Entered a Gauntlet
  9548 | Gauntlet | Found a transporter.
  9558 | Gauntlet | Noticed a death ooze
  9561 | Gauntlet | Found a transporter.
  9561 | Gauntlet | Found a transporter.
  9563 | Gauntlet | Found a transporter.
  9580 | Gauntlet | Found a transporter.
  9595 | Gauntlet | Found a transporter.
  9603 | Gauntlet | Found a transporter.
  9619 | Gauntlet | Noticed a ghost crab
  9620 | Gauntlet | Found a transporter.
  9639 | Gauntlet | Found a transporter.
  9651 | Gauntlet | Found a transporter.
  9651 | Gauntlet | Noticed a green death
  9682 | Gauntlet | Found a transporter.
  9688 | Gauntlet | Found a transporter.
  9713 | Gauntlet | Found a transporter.
  9725 | Gauntlet | Found a transporter.
  9727 | Gauntlet | Found a transporter.
  9752 | Gauntlet | Found a transporter.
  9758 | Gauntlet | Found a transporter.
  9810 | Gauntlet | Found a transporter.
  9811 | Gauntlet | Noticed a catoblepas
 10035 | Gauntlet | Killed a death ooze
 10047 | Gauntlet | Got a bloodstained hat
 10053 | Gauntlet | Identified the +2 hat of Yredelemnul's Regard {+Blink rElec
                  | Int-5 Stlth+} (You found it in a Gauntlet)
 10053 | Gauntlet | Lost intelligence.
 10074 | Gauntlet | Killed a catoblepas
 10088 | Gauntlet | Reached skill level 15 in Long Blades
 10249 | Gauntlet | HP: 4/160 [large abomination (23)]
 10253 | Gauntlet | Mangled by a small abomination

Levels and vault maps discovered:
D:1:      dpeg_arrival_rooms_b, layout_rooms
D:2:      layout_rooms
D:3:      layout_loops_cross, ebering_dispersal_statue_hall
D:4:      layout_rooms, kennysheep_mini_moat, first_ration, serial_shops,
          shop_statue, kennysheep_little_box, nicolae_shop_behind_doors, shop,
          shop, uniq_duvessa, uniq_natasha, uniq_menkaure
D:5:      layout_loops_ring, temple_statues, serial_shops, nicolae_shop_trees,
          basic_altar, uniq_sigmund, uniq_edmund
D:6:      layout_loops_cross, nemelex_xobeh_ov_fountains_minmay,
          old_standard_altar
D:7:      layout_rooms, lemuel_coloured_pillars_altar, the_bakery,
          grunt_gozag_statues, uniq_joseph, uniq_pikel, uniq_harold
D:8:      layout_loops_ring, chequers_temple_overflow_statue_of_worship,
          overflow_temple_1_default, mrwooster_statue_mirror, uniq_grum
D:9:      layout_rooms, lemuel_round_altar, kennysheep_mini, uniq_gastronok
D:10:     layout_long_grid, orc_0_dummy, eino_tiny_chamber, uniq_nergalle
D:11:     layout_roguey, minmay_lair_entry_grove, minmay_shop_mass, uniq_snorg,
          uniq_erica
Temple:   pf_slime_end_temple
Lair:1:   layout_layer_cave, gauntlet_entry_generic, small_statue_intersection
Lair:2:   layout_hall_layers, minmay_snake_entry_guardpost_small,
          lemuel_oklob_altar, grunt_megastairs_3, infiniplex_staircase_pool
Orc:1:    layout_diamond_mine, serial_shops, shop, uniq_fannar
Orc:2:    st_orc_ogre_mass, layout_caves, maelrawn_ghost_gauntlet_escape,
          serial_shops, nicolae_shop_overgrown_old_shop
Gauntlet: gammafunk_gauntlet_one_two_three [gammafunk_gauntlet_arena_teeth,
          gammafunk_gauntlet_arena_mazey, nicolae_gauntlet_arena_blocks,
          gammafunk_gauntlet_arena_arrow_garden, nicolae_gauntlet_swirl,
          nicolae_gauntlet_arena_grate_2, nicolae_gauntlet_arena_flowing_pool,
          gammafunk_gauntlet_arena_split_diamond, gammafunk_gauntlet_arena_open,
          gauntlet_exit_spiral]

Skill      XL: |  1  2  3  4  5  6  7  8  9 10 11 12 |
---------------+-------------------------------------+-----
Fighting       | 4 5 7 8 9 10 11 | 11.0
Shields        | 4 5 6 7 8 10 12 13 | 13.3
Armour         | 4 5 6 7 8 9 |  9.8
Long Blades    | 3 4 5 6 7 9 11 12 14 15 | 15.1
Dodging        | 1 2 3 |  3.4
Stealth        | 1 2 |  2.0
Invocations    | 1 2 |  2.2

Action                   |  1- 3 |  4- 6 |  7- 9 | 10-12 || total
-------------------------+-------+-------+-------+-------++-------
Melee: Long sword        |    73 |   131 |   308 |   327 ||   839
       Headbutt          |     9 |    20 |    67 |    92 ||   188
       Double sword      |       |       |       |   150 ||   150
Invok: Heroism           |       |       |     2 |    12 ||    14
       Finesse           |       |       |       |     1 ||     1
  Use: Potion            |     2 |     4 |       |     3 ||     9
       Scroll            |       |     5 |     8 |     5 ||    18
 Stab: Invisible         |       |     2 |       |       ||     2
  Eat: Chunk             |       |     4 |    10 |    14 ||    28
       Ration            |       |       |       |     1 ||     1
Armor: Scale mail        |    51 |       |       |       ||    51
       Chain mail        |     4 |    93 |    72 |       ||   169
       Plate armour      |       |       |    23 |   189 ||   212
       Skin              |       |       |     5 |       ||     5
Dodge: Dodged            |    28 |    26 |    59 |   106 ||   219
Block: Shield            |    58 |    91 |   148 |   345 ||   642
       Rpst.: Long sword |    11 |     7 |    13 |    20 ||    51
       Double sword      |       |       |       |     8 ||     8
